 Dungeon Crawl Stone Soup version 0.15.0-12-gccce430 (webtiles) character file.

137 Aneto the Cudgeler (level 5, -1/32 HPs)
             Began as a Gargoyle Fighter on Aug 31, 2014.
             Killed by divine providence
             ... invoked by an orc priest
              (12 damage)
             ... on Level 3 of the Dungeon.
             The game lasted 00:07:47 (2581 turns).

Aneto the Cudgeler (Gargoyle Fighter)               Turns: 2581, Time: 00:07:47

HP  -1/32        AC 10     Str 21      XL: 5   Next: 20%
MP   5/5         EV  6     Int  8      God:
Gold 231         SH  9     Dex  9      Spells:  0 memorised,  4 levels left

rFire  . . .     SeeInvis .     a - +0 flail
rCold  . . .     Clarity  .     b - +0 scale mail
rNeg   + . .     rCorr    .     c - +0 shield
rPois  +         rRot     +     (no helmet)
rElec  +         Spirit   .     (no cloak)
SustAb .         Warding  .     (no gloves)
rMut   .         Stasis   .     (no boots)
Gourm  .                        (no amulet)
MR     .....                    (no ring)
                                (no ring)

@: not resistant to hostile enchantments, extremely unstealthy
A: negative energy resistance 1, electricity resistance, unbreathing,
petrification resistance, rot immunity, AC +4
a: no special abilities


You were on level 3 of the Dungeon.
You were not hungry.

You visited 1 branch of the dungeon, and saw 3 of its levels.

You collected 231 gold pieces.

Inventory:

Hand weapons
 a - a +0 flail (weapon)
Armour
 b - a +0 scale mail (worn)
 c - a +0 shield (worn)
Magical devices
 j - a wand of random effects (8) {unknown}
Comestibles
 d - 3 bread rations
 k - a beef jerky
 o - a royal jelly
 q - a chunk of kobold flesh
Scrolls
 f - 2 scrolls of amnesia {unknown}
 h - a scroll of teleportation {unknown}
 i - 4 scrolls of identify {unknown}
 m - 2 scrolls of fear {unknown}
 p - a scroll of remove curse {unknown}
Jewellery
 r - an uncursed ring of flight {unknown}
Potions
 e - a potion of might
 g - a potion of cancellation {unknown}
 l - a potion of resistance {unknown}
 n - a potion of haste
 s - a potion of invisibility {unknown}


   Skills:
 - Level 3.2 Fighting
 + Level 5.2 Maces & Flails
 - Level 3.2 Armour
 - Level 3.2 Shields


You had 4 spell levels left.
You didn't know any spells.

Dungeon Overview and Level Annotations

Branches:
Dungeon (3/15)

Altars:


Innate Abilities, Weirdness & Mutations

You are resistant to torment.
You are immune to poison.
Your stone body is very resilient (AC +4).
You resist negative energy.
You are resistant to electric shocks.
You can survive without breathing.
You are immune to petrification.
You are immune to rotting.


Message History

An orc comes into view. It is wielding a club.
The orc shouts!
The orc priest shouts!
You closely miss the orc.
The orc priest shouts!
The orc barely misses you.
You barely miss the orc. The orc hits you but does no damage.
The orc hits you but does no damage.
You sock the orc!
You kill the orc!
The orc priest calls down the wrath of Beogh upon you.
Something smites you!
The orc priest mumbles some strange prayers to Beogh against you.
Something smites you!
The orc priest mumbles some strange prayers to Beogh against you.
Pain shoots through your body!
The orc priest looks braver.
The orc priest calls down the wrath of Beogh upon you.
Something smites you!
You die...

#....## #......# #.....# #......#
#.....###......# #.........#.####
##.....###.#.#####
##........#.#.....#
##.........#.#.....#
##########.....<....#.#.....# .
#...).o..o...@........#.....#
..##'######...[..........#.######
.................................
###....##..................######
#o...#.........................
#.o.......................###..
..o.........................# #..
...###...............)......# #..
... #......................# #..


You could see 2 orc priests.

Vanquished Creatures
  Jessica (D:2)
  4 adders
  An inept item mimic (D:2)
  A giant mite (D:1)
  A giant gecko (D:1)
  2 oozes (D:1)
  4 orcs
  5 giant cockroaches
  8 hobgoblins
  3 jackals (D:3)
  A quokka (D:3)
  2 ball pythons
  11 bats
  4 giant newts
  6 goblins
  5 kobolds
  9 rats
  A plant (D:1)
69 creatures vanquished.

Notes
Turn   | Place    | Note
--------------------------------------------------------------
     0 | D:1      | Aneto, the Gargoyle Fighter, began the quest for the Orb.
     0 | D:1      | Reached XP level 1. HP: 14/14 MP: 1/1
   269 | D:1      | Reached XP level 2. HP: 17/19 MP: 2/2
   550 | D:1      | Reached XP level 3. HP: 20/23 MP: 3/3
  1067 | D:2      | Noticed Jessica
  1084 | D:2      | Killed Jessica
  1084 | D:2      | Reached skill level 4 in Maces & Flails
  1203 | D:2      | Reached XP level 4. HP: 25/28 MP: 4/4
  2352 | D:3      | Reached skill level 5 in Maces & Flails
  2370 | D:3      | Reached XP level 5. HP: 32/32 MP: 5/5
  2581 | D:3      | Killed from afar by an orc priest

Action                   |  1- 3 |  4- 6 || total
-------------------------+-------+-------++-------
Melee: Flail             |   153 |   135 ||   288
  Eat: Chunk             |       |     6 ||     6
